Reno Silver Aces vs Philadelphia Phantoms

Created - Monday, February 9, 2026 at 08:36

Goals
1 2 3 T
Reno Silver Aces 1 1 2 4
Philadelphia Phantoms 2 1 3 6
Shots
1 2 3 T
Reno Silver Aces 19 9 6 34
Philadelphia Phantoms 19 7 22 48

1st period

1. Philadelphia Phantoms , Marc Gatcomb 10 (Kai Uchacz 5) at 3:48
2. Reno Silver Aces , Anthony Duclair 13 (Cole Koepke 10, Matt Savoie 14) at 10:12
3. Philadelphia Phantoms , Luca Del Bel Belluz 8 (Albert Johansson 9, Marc Gatcomb 12) at 11:03 (PP)

Penalties :
Tanner Laczynski (RSA) for Holding (Minor) at 10:46

2nd period

4. Reno Silver Aces , Patrick Brown 6 (Matt Nieto 5) at 1:04 (SH)
5. Philadelphia Phantoms , Michael Carcone 12 (Albert Johansson 10) at 13:31

Penalties :
Jaroslav Chmelar (PHP) for Fighting (Major) at 0:22, Michael Buchinger (RSA) for Fighting (Major) at 0:22, Cole Koepke (RSA) for Slashing (Minor) at 0:44, Jacob Quillan (PHP) for Tripping (Minor) at 8:44

3rd period

6. Reno Silver Aces , Tanner Laczynski 15 (Cole Koepke 11) at 3:10
7. Philadelphia Phantoms , Luca Del Bel Belluz 9 (Tye Kartye 6, Nils Aman 11) at 3:42
8. Philadelphia Phantoms , Jacob Quillan 7 (Michael Carcone 14) at 4:37
9. Reno Silver Aces , Kieffer Bellows 5 (Owen Beck 19) at 10:02 (PP)
10. Philadelphia Phantoms , Ryan Johnson 1 (Albert Johansson 11, Kai Uchacz 6) at 14:37

Penalties :
Jaroslav Chmelar (PHP) for Interference (Minor) at 0:54, Michael Buchinger (RSA) for Tripping (Minor) at 5:22, Marcel Marcel (PHP) for Fighting (Major) at 9:58, Nicolas Deslauriers (RSA) for Fighting (Major) at 9:58, Marcel Marcel (PHP) for instigated a fight (Minor) at 9:58, Marcel Marcel (PHP) for instigated a fight (10 Minutes Misconduct) at 9:58, Casey Fitzgerald (RSA) for Hooking (Minor) at 17:25

Goalie Stats

Ville Husso (RSA), 42 saves from 48 shots - (0.875), L, 11-2-2, 60:00 minutes
Cooper Black (PHP), 30 saves from 34 shots - (0.882), W, 8-3-1, 60:00 minutes

Players Stats for Reno Silver Aces

Player Name              G  A  P  +/- PIM S  H  SB GA TA FO     MP     PP MP  PK MP  
------------------------------------------------------------------------------------
                         0  0  0   0  0   0  0  0  0  0  0/0     0:00   0:00   0:00 
Anthony Duclair          1  0  1  -2  0   6  2  2  1  0  1/1    17:13   1:57   0:00 
Casey Fitzgerald         0  0  0  -1  2   0  1  0  0  0  0/0    15:09   0:00   2:22 
Charles-Alexis Legault   0  0  0  -1  0   0  0  0  0  1  0/0    15:47   2:15   0:39 
Cole Koepke              0  2  2  -1  2   3  0  0  3  0  0/1    17:48   0:07   2:07 
Curtis Lazar             0  0  0  -2  0   1  4  1  0  0  8/15   17:39   1:53   0:01 
Dylan Duke               0  0  0  -1  0   0  0  1  1  1  1/4     9:45   2:11   0:00 
Frederic Brunet          0  0  0   1  0   0  4  0  0  1  0/0    18:53   1:51   2:13 
Jordan Oesterle          0  0  0   0  0   1  0  3  0  1  0/0    18:23   0:00   3:16 
Kieffer Bellows          1  0  1  -1  0   5  0  1  0  0  0/0     9:30   1:59   0:00 
Matt Nieto               0  1  1   0  0   3  1  1  0  3  0/0    15:09   0:03   2:53 
Matt Savoie              0  1  1  -1  0   2  1  0  4  0  0/0    15:22   1:59   0:25 
Michael Buchinger        0  0  0  -2  7   2  2  2  0  1  0/0    21:45   0:00   1:00 
Nicolas Deslauriers      0  0  0  -1  5   1  0  0  0  0  1/2    11:26   1:50   1:10 
Owen Beck                0  1  1  -1  0   1  0  0  0  0  5/12   14:07   1:59   0:00 
Patrick Brown            1  0  1   2  0   2  1  2  0  0  1/3    17:13   0:00   2:52 
Samuel Bolduc            0  0  0  -1  0   0  1  3  0  3  0/0    24:57   0:00   2:53 
Tanner Laczynski         1  0  1   1  2   3  1  0  0  0  16/30  17:44   0:13   3:05 
Vincent Hinostroza       0  0  0   0  0   4  1  0  1  1  0/3    15:50   1:53   0:00 

Players Stats for Philadelphia Phantoms

Player Name              G  A  P  +/- PIM S  H  SB GA TA FO     MP     PP MP  PK MP  
------------------------------------------------------------------------------------
                         0  0  0   0  0   0  0  0  0  0  0/0     0:00   0:00   0:00 
Adam Klapka              0  0  0  -1  0   0  2  1  1  0  0/0    10:23   2:42   0:01 
Albert Johansson         0  3  3   2  0   2  1  1  0  2  0/0    22:05   2:47   2:09 
Dylan Coghlan            0  0  0  -1  0   2  0  0  0  1  0/0    19:26   2:47   1:53 
Jacob Quillan            1  0  1   0  2   3  2  0  0  2  11/25  19:10   2:42   1:00 
Jaroslav Chmelar         0  0  0   1  7   2  2  0  0  1  0/0    14:21   0:00   0:56 
Kai Uchacz               0  2  2   1  0   3  0  0  1  0  7/11   14:03   0:00   0:00 
Luca Del Bel Belluz      2  0  2   1  0   8  0  0  2  0  16/25  18:33   3:31   1:42 
Marc Gatcomb             1  1  2   1  0   5  1  1  2  0  2/2    17:49   3:21   0:00 
Marcel Marcel            0  0  0   0  17  0  1  0  0  1  1/3     7:05   0:00   0:00 
Matt Rempe               0  0  0   0  0   4  1  0  1  0  0/0     7:52   0:00   0:00 
Michael Callahan         0  0  0  -1  0   0  1  2  0  1  0/0    16:39   0:00   1:53 
Michael Carcone          1  1  2   0  0   3  0  0  1  0  0/1    16:35   2:42   0:00 
Nils Aman                0  1  1   1  0   6  1  0  1  0  1/2    18:08   3:31   2:04 
Ryan Johnson             1  0  1   2  0   1  2  0  0  1  0/0    16:42   0:00   0:00 
Ryan Winterton           0  0  0   1  0   1  2  0  0  0  0/2    17:20   0:01   1:51 
Samuel Johannesson       0  0  0   1  0   0  0  2  0  1  0/0    21:16   3:27   0:00 
Tye Kartye               0  1  1   1  0   4  0  2  1  0  0/0    14:35   0:12   0:30 
Tyler Kleven             0  0  0   1  0   4  1  1  2  0  0/0    23:52   3:27   2:09 

3 Stars

1 - Luca Del Bel Belluz (PHP)
2 - Albert Johansson (PHP)
3 - Marc Gatcomb (PHP)

Power Play

Reno Silver Aces - 1 on 3 Attempt(s) - 33.33%
Philadelphia Phantoms - 1 on 4 Attempt(s) - 25.00%

Penalty Kill

Reno Silver Aces - 3 on 4 Attempt(s) - 75.00% - Score 1 goal in Penalty Kill
Philadelphia Phantoms - 2 on 3 Attempt(s) - 66.67% - Score 0 goal in Penalty Kill

Team Stat

Reno Silver Aces - Hits : 19 - Faceoff Wins : 33 - Blocked Shots : 16 - Penalty Minutes : 18
Philadelphia Phantoms - Hits : 17 - Faceoff Wins : 38 - Blocked Shots : 10 - Penalty Minutes : 26

Official

Referees : Conor O'Donnell and Jon Mcisaac
Linesman : Tyson Baker and Steve Barton

Game Notes

Michael Buchinger beats up Jaroslav Chmelar at 0:22 of 2nd period
Nicolas Deslauriers beats up Marcel Marcel at 9:58 of 3rd period

Reno Silver Aces

5 vs 5 Forward 
   Center                   Left Wing                Right Wing               Time % Phy DF OF 
 1 Curtis Lazar             Anthony Duclair          Cole Koepke              30     1   2  2  
 2 Tanner Laczynski         Patrick Brown            Vincent Hinostroza       30     1   2  2  
 3 Owen Beck                Matt Savoie              Matt Nieto               25     1   2  2  
 4 Dylan Duke               Kieffer Bellows          Nicolas Deslauriers      15     1   2  2  

5 vs 5 Defense 
   Defense                  Defense                                           Time % Phy DF OF 
 1 Michael Buchinger        Samuel Bolduc                                     30     1   2  2  
 2 Jordan Oesterle          Frederic Brunet                                   30     1   2  2  
 3 Charles-Alexis Legault   Casey Fitzgerald                                  25     1   2  2  
 4 Michael Buchinger        Samuel Bolduc                                     15     1   2  2  

PowerPlay Forward 
   Center                   Left Wing                Right Wing               Time % Phy DF OF 
 1 Curtis Lazar             Anthony Duclair          Vincent Hinostroza       50     1   2  2  
 2 Owen Beck                Kieffer Bellows          Matt Savoie              50     1   2  2  

PowerPlay Defense
   Defense                  Defense                                           Time % Phy DF OF 
 1 Nicolas Deslauriers      Frederic Brunet                                   50     1   2  2  
 2 Charles-Alexis Legault   Dylan Duke                                        50     1   2  2  

Penalty Kill 4 Players Forward 
   Center                   Wing                     Time % Phy DF OF 
 1 Tanner Laczynski         Cole Koepke              50     1   2  2  
 2 Patrick Brown            Matt Nieto               50     1   2  2  

Penalty Kill 4 Players Defense
   Defense                  Defense                  Time % Phy DF OF 
 1 Michael Buchinger        Samuel Bolduc            50     1   2  2  
 2 Jordan Oesterle          Casey Fitzgerald         50     1   2  2  

Penalty Kill - 3 Players Forward 
   Forward                                           Time % Phy DF OF 
 1 Tanner Laczynski                                  50     1   2  2  
 2 Patrick Brown                                     50     1   2  2  

Penalty Kill - 3 Players Defense
   Defense                  Defense                  Time % Phy DF OF 
 1 Michael Buchinger        Samuel Bolduc            50     1   2  2  
 2 Nicolas Deslauriers      Jordan Oesterle          50     1   2  2  

4 vs 4 Forward 
   Center                   Wing                     Time % Phy DF OF 
 1 Curtis Lazar             Anthony Duclair          50     1   2  2  
 2 Tanner Laczynski         Vincent Hinostroza       50     1   2  2  

4 vs 4 Defense
   Defense                  Defense                  Time % Phy DF OF 
 1 Michael Buchinger        Samuel Bolduc            50     1   2  2  
 2 Jordan Oesterle          Casey Fitzgerald         50     1   2  2  

Last Minutes Offensive
   Center                   Left Wing                Right Wing               Defense                  Defense                  
   Curtis Lazar             Anthony Duclair          Vincent Hinostroza       Michael Buchinger        Samuel Bolduc            

Last Minutes Defensive
   Center                   Left Wing                Right Wing               Defense                  Defense                  
   Tanner Laczynski         Cole Koepke              Matt Nieto               Michael Buchinger        Samuel Bolduc            

Goaltenders
Starting : Ville Husso              
Backup : Jiri Patera              

Extra Forwards
Normal : Matt Savoie, Anthony Duclair, Vincent Hinostroza - PP : Tanner Laczynski, Matt Savoie - PK : Nicolas Deslauriers
Extra Defensemen
Normal : Jordan Oesterle, Michael Buchinger, Samuel Bolduc - PP : Samuel Bolduc - PK : Frederic Brunet, Charles-Alexis Legault
Penalty Shots
Curtis Lazar, Anthony Duclair, Vincent Hinostroza, Matt Savoie, Cole Koepke

Scratches
Marc-Edouard Vlasic (Healthy), William Dufour (Healthy), Jacob Melanson (Healthy), Jagger Firkus (Healthy), Christian Kyrou (Healthy)
Justin Gill (Healthy), Dustin Tokarski (Healthy)

Philadelphia Phantoms

5 vs 5 Forward 
   Center                   Left Wing                Right Wing               Time % Phy DF OF 
 1 Luca Del Bel Belluz      Nils Aman                Tye Kartye               30     1   2  2  
 2 Jacob Quillan            Michael Carcone          Ryan Winterton           30     1   2  2  
 3 Kai Uchacz               Marc Gatcomb             Jaroslav Chmelar         25     1   2  2  
 4 Marcel Marcel            Adam Klapka              Matt Rempe               15     1   2  2  

5 vs 5 Defense 
   Defense                  Defense                                           Time % Phy DF OF 
 1 Samuel Johannesson       Tyler Kleven                                      35     1   2  2  
 2 Albert Johansson         Ryan Johnson                                      35     1   2  2  
 3 Michael Callahan         Dylan Coghlan                                     30     1   2  2  
 4 Samuel Johannesson       Tyler Kleven                                      0      1   2  2  

PowerPlay Forward 
   Center                   Left Wing                Right Wing               Time % Phy DF OF 
 1 Luca Del Bel Belluz      Marc Gatcomb             Nils Aman                50     1   2  2  
 2 Jacob Quillan            Adam Klapka              Michael Carcone          50     1   2  2  

PowerPlay Defense
   Defense                  Defense                                           Time % Phy DF OF 
 1 Dylan Coghlan            Albert Johansson                                  50     1   2  2  
 2 Samuel Johannesson       Tyler Kleven                                      50     1   2  2  

Penalty Kill 4 Players Forward 
   Center                   Wing                     Time % Phy DF OF 
 1 Jacob Quillan            Jaroslav Chmelar         50     1   2  2  
 2 Luca Del Bel Belluz      Ryan Winterton           50     1   2  2  

Penalty Kill 4 Players Defense
   Defense                  Defense                  Time % Phy DF OF 
 1 Albert Johansson         Tyler Kleven             50     1   2  2  
 2 Dylan Coghlan            Michael Callahan         50     1   2  2  

Penalty Kill - 3 Players Forward 
   Forward                                           Time % Phy DF OF 
 1 Jacob Quillan                                     50     1   2  2  
 2 Jaroslav Chmelar                                  50     1   2  2  

Penalty Kill - 3 Players Defense
   Defense                  Defense                  Time % Phy DF OF 
 1 Albert Johansson         Tyler Kleven             50     1   2  2  
 2 Dylan Coghlan            Michael Callahan         50     1   2  2  

4 vs 4 Forward 
   Center                   Wing                     Time % Phy DF OF 
 1 Luca Del Bel Belluz      Nils Aman                50     1   2  2  
 2 Jacob Quillan            Michael Carcone          50     1   2  2  

4 vs 4 Defense
   Defense                  Defense                  Time % Phy DF OF 
 1 Samuel Johannesson       Tyler Kleven             50     1   2  2  
 2 Albert Johansson         Dylan Coghlan            50     1   2  2  

Last Minutes Offensive
   Center                   Left Wing                Right Wing               Defense                  Defense                  
   Luca Del Bel Belluz      Marc Gatcomb             Nils Aman                Dylan Coghlan            Albert Johansson         

Last Minutes Defensive
   Center                   Left Wing                Right Wing               Defense                  Defense                  
   Jacob Quillan            Jaroslav Chmelar         Luca Del Bel Belluz      Albert Johansson         Tyler Kleven             

Goaltenders
Starting : Cooper Black             
Backup : Colten Ellis             

Extra Forwards
Normal : Luca Del Bel Belluz, Jacob Quillan, Marc Gatcomb - PP : Luca Del Bel Belluz, Jacob Quillan - PK : Jacob Quillan
Extra Defensemen
Normal : Tyler Kleven, Dylan Coghlan, Samuel Johannesson - PP : Samuel Johannesson - PK : Albert Johansson, Dylan Coghlan
Penalty Shots
Jacob Quillan, Kai Uchacz, Dylan Coghlan, Jaroslav Chmelar, Marcel Marcel

Scratches
Chase Bradley (Healthy), Noah Laba (Healthy), Sam Lipkin (Healthy), Parker Bell (Healthy), Gavin Hayes (Healthy)
Anton Johansson (Healthy), Noel Gunler (Healthy), Isaac Poulter (Healthy)

% Time on Ice - Reno Silver Aces

Lines # - Real PCT - Wanted PCT - Time Play
Normal Forward
1 - 31% - 30% - 15:11
2 - 30% - 30% - 14:54
3 - 24% - 25% - 12:08
4 - 15% - 15% - 7:31
Normal Defense
1 - 30% - 30% - 15:10
2 - 31% - 30% - 15:21
3 - 25% - 25% - 12:12
4 - 14% - 15% - 7:01
PP Forward
1 - 50% - 50% - 2:00
2 - 50% - 50% - 2:02
PP Defense
1 - 46% - 50% - 1:51
2 - 54% - 50% - 2:11
PK Forward
1 - 53% - 50% - 3:20
2 - 47% - 50% - 2:54
PK Defense
1 - 46% - 50% - 2:53
2 - 54% - 50% - 3:21
PK3 Forward
1 - 0% - 50%
2 - 0% - 50%
PK3 Defense
1 - 0% - 50%
2 - 0% - 50%
44 Forward
1 - 0% - 50%
2 - 0% - 50%
44 Defense
1 - 0% - 50%
2 - 0% - 50%
Last Minute Offensive  - 0:00
Last Minute Defensive  - 0:00
Total
Forward - 60:00
Defense - 60:00

% Time on Ice - Philadelphia Phantoms

Lines # - Real PCT - Wanted PCT - Time Play
Normal Forward
1 - 28% - 30% - 13:56
2 - 28% - 30% - 13:53
3 - 28% - 25% - 14:03
4 - 16% - 15% - 7:52
Normal Defense
1 - 35% - 35% - 17:17
2 - 36% - 35% - 17:41
3 - 30% - 30% - 14:46
4 - 0% - 0% - 0:00
PP Forward
1 - 57% - 50% - 3:32
2 - 43% - 50% - 2:42
PP Defense
1 - 45% - 50% - 2:47
2 - 55% - 50% - 3:27
PK Forward
1 - 58% - 50% - 2:20
2 - 42% - 50% - 1:42
PK Defense
1 - 53% - 50% - 2:09
2 - 47% - 50% - 1:53
PK3 Forward
1 - 0% - 50%
2 - 0% - 50%
PK3 Defense
1 - 0% - 50%
2 - 0% - 50%
44 Forward
1 - 0% - 50%
2 - 0% - 50%
44 Defense
1 - 0% - 50%
2 - 0% - 50%
Last Minute Offensive  - 0:00
Last Minute Defensive  - 0:00
Total
Forward - 60:00
Defense - 60:00

Play-by-Play

1st period


0:01 of 1st period - Luca Del Bel Belluz wins face-off versus Curtis Lazar in neutral zone.
0:08 of 1st period - Wrist shot by Nils Aman.
0:08 of 1st period - Shot Blocked by Samuel Bolduc.
0:10 of 1st period - Slapshot by Samuel Johannesson.
0:10 of 1st period - Shot Blocked by Curtis Lazar.
0:14 of 1st period - Snap shot by Luca Del Bel Belluz.
0:14 of 1st period - Deflect By Nils Aman.
0:14 of 1st period - Stopped by Ville Husso without a rebound.
0:15 of 1st period - Jacob Quillan wins face-off versus Tanner Laczynski in Reno Silver Aces zone.
0:28 of 1st period - Wrist shot by Vincent Hinostroza.
0:28 of 1st period - Stopped by Cooper Black without a rebound.
0:29 of 1st period - Owen Beck wins face-off versus Kai Uchacz in Philadelphia Phantoms zone.
0:42 of 1st period - Matt Nieto is hit by Marc Gatcomb and loses puck.
1:28 of 1st period - Snap shot by Kieffer Bellows.
1:28 of 1st period - Stopped by Cooper Black with a rebound.
1:39 of 1st period - Off-side.
1:40 of 1st period - Luca Del Bel Belluz wins face-off versus Tanner Laczynski in neutral zone.
2:10 of 1st period - Backhand shot by Anthony Duclair.
2:10 of 1st period - Stopped by Cooper Black with a rebound.
2:36 of 1st period - Snap shot by Ryan Winterton.
2:36 of 1st period - Shot Misses the Net.
2:48 of 1st period - Michael Buchinger is hit by Adam Klapka and loses puck.
3:26 of 1st period - Snap shot by Tanner Laczynski.
3:26 of 1st period - Shot Misses the Net.
3:40 of 1st period - Snap shot by Kai Uchacz.
3:40 of 1st period - Shot Misses the Net.
3:42 of 1st period - Slapshot by Albert Johansson.
3:42 of 1st period - Shot Blocked by Kieffer Bellows.
3:44 of 1st period - Snap shot by Jaroslav Chmelar.
3:44 of 1st period - Shot Blocked by Dylan Duke.
3:46 of 1st period - Slapshot by Jaroslav Chmelar.
3:46 of 1st period - Stopped by Ville Husso without a rebound.
3:47 of 1st period - Kai Uchacz wins face-off versus Curtis Lazar in Reno Silver Aces zone.
3:48 of 1st period - Slapshot by Marc Gatcomb.
3:48 of 1st period - Goal by Marc Gatcomb - Reno Silver Aces : 0 - Philadelphia Phantoms : 1.
3:49 of 1st period - Curtis Lazar wins face-off versus Ryan Winterton in neutral zone.
3:54 of 1st period - Snap shot by Cole Koepke.
3:54 of 1st period - Shot Misses the Net.
3:56 of 1st period - Slapshot by Michael Buchinger.
3:56 of 1st period - Deflect By Tyler Kleven.
3:56 of 1st period - Stopped by Cooper Black with a rebound.
3:58 of 1st period - Backhand shot by Michael Buchinger.
3:58 of 1st period - Shot Misses the Net.
4:00 of 1st period - Snap shot by Cole Koepke.
4:00 of 1st period - Deflect By Anthony Duclair.
4:00 of 1st period - Shot Misses the Net.
4:00 of 1st period - Puck is out of play.
4:01 of 1st period - Kai Uchacz wins face-off versus Cole Koepke in Philadelphia Phantoms zone.
4:54 of 1st period - Wrist shot by Tye Kartye.
4:54 of 1st period - Stopped by Ville Husso without a rebound.
4:55 of 1st period - Luca Del Bel Belluz wins face-off versus Tanner Laczynski in Reno Silver Aces zone.
5:03 of 1st period - Off-side.
5:04 of 1st period - Tanner Laczynski wins face-off versus Jacob Quillan in neutral zone.
5:12 of 1st period - Michael Buchinger is hit by Ryan Winterton and loses puck.
6:15 of 1st period - Snap shot by Marc Gatcomb.
6:15 of 1st period - Stopped by Ville Husso with a rebound.
6:17 of 1st period - Snap shot by Albert Johansson.
6:17 of 1st period - Stopped by Ville Husso without a rebound.
6:18 of 1st period - Kai Uchacz wins face-off versus Dylan Duke in Reno Silver Aces zone.
6:23 of 1st period - Snap shot by Jaroslav Chmelar.
6:23 of 1st period - Deflect By Kai Uchacz.
6:23 of 1st period - Stopped by Ville Husso without a rebound.
6:24 of 1st period - Curtis Lazar wins face-off versus Jacob Quillan in Reno Silver Aces zone.
6:29 of 1st period - Samuel Johannesson is hit by Curtis Lazar and loses puck.
6:36 of 1st period - Snap shot by Anthony Duclair.
6:36 of 1st period - Stopped by Cooper Black without a rebound.
6:37 of 1st period - Tanner Laczynski wins face-off versus Luca Del Bel Belluz in Philadelphia Phantoms zone.
7:04 of 1st period - Michael Carcone is hit by Anthony Duclair and loses puck.
7:31 of 1st period - Snap shot by Marc Gatcomb.
7:31 of 1st period - Deflect By Kai Uchacz.
7:31 of 1st period - Stopped by Ville Husso with a rebound.
7:33 of 1st period - Slapshot by Kai Uchacz.
7:33 of 1st period - Shot Misses the Net.
7:51 of 1st period - Snap shot by Kieffer Bellows.
7:51 of 1st period - Shot Misses the Net.
7:53 of 1st period - Snap shot by Kieffer Bellows.
7:53 of 1st period - Stopped by Cooper Black with a rebound.
8:05 of 1st period - Snap shot by Vincent Hinostroza.
8:05 of 1st period - Stopped by Cooper Black without a rebound.
8:06 of 1st period - Tanner Laczynski wins face-off versus Luca Del Bel Belluz in Philadelphia Phantoms zone.
8:07 of 1st period - Wrist shot by Vincent Hinostroza.
8:07 of 1st period - Shot Misses the Net.
8:09 of 1st period - Wrist shot by Tanner Laczynski.
8:09 of 1st period - Shot Blocked by Tye Kartye.
8:11 of 1st period - Wrist shot by Jordan Oesterle.
8:11 of 1st period - Stopped by Cooper Black without a rebound.
8:12 of 1st period - Curtis Lazar wins face-off versus Jacob Quillan in Philadelphia Phantoms zone.
8:13 of 1st period - Snap shot by Anthony Duclair.
8:13 of 1st period - Shot Misses the Net.
8:39 of 1st period - Ryan Johnson is hit by Michael Buchinger and loses puck.
8:56 of 1st period - Samuel Johannesson is hit by Michael Buchinger and loses puck.
9:12 of 1st period - Slapshot by Jordan Oesterle.
9:12 of 1st period - Shot Blocked by Marc Gatcomb.
9:14 of 1st period - Wrist shot by Kieffer Bellows.
9:14 of 1st period - Stopped by Cooper Black without a rebound.
9:15 of 1st period - Luca Del Bel Belluz wins face-off versus Owen Beck in Philadelphia Phantoms zone.
9:30 of 1st period - Snap shot by Luca Del Bel Belluz.
9:30 of 1st period - Shot Blocked by Matt Nieto.
9:40 of 1st period - Slapshot by Matt Rempe.
9:40 of 1st period - Stopped by Ville Husso with a rebound.
10:08 of 1st period - Wrist shot by Anthony Duclair.
10:08 of 1st period - Stopped by Cooper Black with a rebound.
10:10 of 1st period - Snap shot by Cole Koepke.
10:10 of 1st period - Stopped by Cooper Black with a rebound.
10:12 of 1st period - Slapshot by Anthony Duclair.
10:12 of 1st period - Goal by Anthony Duclair - Reno Silver Aces : 1 - Philadelphia Phantoms : 1.
10:13 of 1st period - Anthony Duclair wins face-off versus Luca Del Bel Belluz in neutral zone.
10:46 of 1st period - Minor Penalty to Tanner Laczynski for Holding.
10:47 of 1st period - Marc Gatcomb wins face-off versus Nicolas Deslauriers in Reno Silver Aces zone.
10:57 of 1st period - Snap shot by Luca Del Bel Belluz.
10:57 of 1st period - Stopped by Ville Husso with a rebound.
10:59 of 1st period - Slapshot by Albert Johansson.
10:59 of 1st period - Shot Blocked by Jordan Oesterle.
11:01 of 1st period - Snap shot by Luca Del Bel Belluz.
11:01 of 1st period - Shot Blocked by Jordan Oesterle.
11:03 of 1st period - Wrist shot by Luca Del Bel Belluz.
11:03 of 1st period - Goal by Luca Del Bel Belluz - Reno Silver Aces : 1 - Philadelphia Phantoms : 2.
11:04 of 1st period - Luca Del Bel Belluz wins face-off versus Tanner Laczynski in neutral zone.
11:37 of 1st period - Snap shot by Michael Carcone.
11:37 of 1st period - Stopped by Ville Husso without a rebound.
11:38 of 1st period - Kai Uchacz wins face-off versus Dylan Duke in Reno Silver Aces zone.
11:39 of 1st period - Slapshot by Marc Gatcomb.
11:39 of 1st period - Stopped by Ville Husso with a rebound.
12:03 of 1st period - Michael Buchinger is hit by Jacob Quillan and loses puck.
12:23 of 1st period - Icing by Samuel Bolduc.
12:24 of 1st period - Luca Del Bel Belluz wins face-off versus Vincent Hinostroza in Reno Silver Aces zone.
12:25 of 1st period - Snap shot by Tye Kartye.
12:25 of 1st period - Shot Misses the Net.
12:27 of 1st period - Slapshot by Tyler Kleven.
12:27 of 1st period - Shot Misses the Net.
12:29 of 1st period - Snap shot by Nils Aman.
12:29 of 1st period - Shot Blocked by Patrick Brown.
12:31 of 1st period - Snap shot by Samuel Johannesson.
12:31 of 1st period - Shot Misses the Net.
12:33 of 1st period - Slapshot by Nils Aman.
12:33 of 1st period - Stopped by Ville Husso with a rebound.
12:35 of 1st period - Slapshot by Tyler Kleven.
12:35 of 1st period - Stopped by Ville Husso without a rebound.
12:36 of 1st period - Owen Beck wins face-off versus Luca Del Bel Belluz in Reno Silver Aces zone.
12:43 of 1st period - Luca Del Bel Belluz is hit by Matt Savoie and loses puck.
12:58 of 1st period - Icing by Samuel Johannesson.
12:59 of 1st period - Tanner Laczynski wins face-off versus Luca Del Bel Belluz in Philadelphia Phantoms zone.
14:44 of 1st period - Slapshot by Vincent Hinostroza.
14:44 of 1st period - Stopped by Cooper Black with a rebound.
14:46 of 1st period - Snap shot by Patrick Brown.
14:46 of 1st period - Shot Blocked by Tye Kartye.
15:10 of 1st period - Slapshot by Marc Gatcomb.
15:10 of 1st period - Deflect By Jaroslav Chmelar.
15:10 of 1st period - Stopped by Ville Husso without a rebound.
15:11 of 1st period - Curtis Lazar wins face-off versus Michael Carcone in Reno Silver Aces zone.
15:11 of 1st period - Curtis Lazar is hit by Albert Johansson.
15:22 of 1st period - Snap shot by Anthony Duclair.
15:22 of 1st period - Stopped by Cooper Black without a rebound.
15:23 of 1st period - Tanner Laczynski wins face-off versus Jacob Quillan in Philadelphia Phantoms zone.
15:30 of 1st period - Wrist shot by Vincent Hinostroza.
15:30 of 1st period - Shot Misses the Net.
16:38 of 1st period - Snap shot by Matt Nieto.
16:38 of 1st period - Stopped by Cooper Black with a rebound.
16:42 of 1st period - Wrist shot by Matt Savoie.
16:42 of 1st period - Stopped by Cooper Black without a rebound.
16:43 of 1st period - Tanner Laczynski wins face-off versus Jacob Quillan in Philadelphia Phantoms zone.
16:44 of 1st period - Wrist shot by Vincent Hinostroza.
16:44 of 1st period - Stopped by Cooper Black without a rebound.
16:45 of 1st period - Jacob Quillan wins face-off versus Tanner Laczynski in Philadelphia Phantoms zone.
16:52 of 1st period - Slapshot by Vincent Hinostroza.
16:52 of 1st period - Shot Blocked by Michael Callahan.
16:54 of 1st period - Snap shot by Tanner Laczynski.
16:54 of 1st period - Stopped by Cooper Black with a rebound.
16:56 of 1st period - Snap shot by Vincent Hinostroza.
16:56 of 1st period - Shot Misses the Net.
16:58 of 1st period - Snap shot by Patrick Brown.
16:58 of 1st period - Stopped by Cooper Black with a rebound.
17:55 of 1st period - Slapshot by Jacob Quillan.
17:55 of 1st period - Shot Hit the Post.
17:57 of 1st period - Wrist shot by Ryan Winterton.
17:57 of 1st period - Stopped by Ville Husso without a rebound.
17:58 of 1st period - Jacob Quillan wins face-off versus Vincent Hinostroza in Reno Silver Aces zone.
18:01 of 1st period - Wrist shot by Michael Carcone.
18:01 of 1st period - Shot Misses the Net.
18:07 of 1st period - Vincent Hinostroza is hit by Ryan Winterton and loses puck.
18:38 of 1st period - Luca Del Bel Belluz is hit by Curtis Lazar and loses puck.
19:00 of 1st period - Snap shot by Nils Aman.
19:00 of 1st period - Stopped by Ville Husso without a rebound.
19:01 of 1st period - Marc Gatcomb wins face-off versus Owen Beck in Reno Silver Aces zone.
19:02 of 1st period - Wrist shot by Kai Uchacz.
19:02 of 1st period - Shot Misses the Net.
19:34 of 1st period - Snap shot by Ryan Winterton.
19:34 of 1st period - Shot Blocked by Samuel Bolduc.
19:36 of 1st period - Backhand shot by Dylan Coghlan.
19:36 of 1st period - Deflect By Jacob Quillan.
19:36 of 1st period - Stopped by Ville Husso without a rebound.
19:37 of 1st period - Tanner Laczynski wins face-off versus Marcel Marcel in Reno Silver Aces zone.
Goals for this period are 1 for Reno Silver Aces vs 2 for Philadelphia Phantoms.
Shots for this period are 19 for Reno Silver Aces vs 19 for Philadelphia Phantoms.

2nd period


0:01 of 2nd period - Tanner Laczynski wins face-off versus Kai Uchacz in neutral zone.
0:09 of 2nd period - Icing by Patrick Brown.
0:10 of 2nd period - Kai Uchacz wins face-off versus Tanner Laczynski in Reno Silver Aces zone.
0:22 of 2nd period - Michael Buchinger beats up Jaroslav Chmelar.
0:22 of 2nd period - Penalty to Jaroslav Chmelar for Fighting.
0:22 of 2nd period - Penalty to Michael Buchinger for Fighting.
0:23 of 2nd period - Curtis Lazar wins face-off versus Jacob Quillan in Reno Silver Aces zone.
0:44 of 2nd period - Minor Penalty to Cole Koepke for Slashing.
0:45 of 2nd period - Jacob Quillan wins face-off versus Tanner Laczynski in Reno Silver Aces zone.
1:02 of 2nd period - Slapshot by Matt Nieto.
1:02 of 2nd period - Shot Blocked by Adam Klapka.
1:04 of 2nd period - Wrist shot by Patrick Brown.
1:04 of 2nd period - Goal by Patrick Brown - Reno Silver Aces : 2 - Philadelphia Phantoms : 2.
1:05 of 2nd period - Luca Del Bel Belluz wins face-off versus Tanner Laczynski in neutral zone.
1:38 of 2nd period - Snap shot by Nicolas Deslauriers.
1:38 of 2nd period - Shot Blocked by Albert Johansson.
2:44 of 2nd period - Penalty to Cole Koepke is over, Cole Koepke is back on ice.
2:56 of 2nd period - Marc Gatcomb is hit by Curtis Lazar and loses puck.
3:30 of 2nd period - Off-side.
3:31 of 2nd period - Luca Del Bel Belluz wins face-off versus Owen Beck in neutral zone.
4:37 of 2nd period - Tye Kartye is hit by Frederic Brunet and loses puck.
4:42 of 2nd period - Wrist shot by Matt Nieto.
4:42 of 2nd period - Stopped by Cooper Black without a rebound.
4:43 of 2nd period - Tanner Laczynski wins face-off versus Kai Uchacz in Philadelphia Phantoms zone.
4:58 of 2nd period - Slapshot by Tanner Laczynski.
4:58 of 2nd period - Stopped by Cooper Black with a rebound.
5:08 of 2nd period - Samuel Bolduc is hit by Adam Klapka and loses puck.
5:54 of 2nd period - Wrist shot by Matt Rempe.
5:54 of 2nd period - Stopped by Ville Husso with a rebound.
6:41 of 2nd period - Snap shot by Luca Del Bel Belluz.
6:41 of 2nd period - Stopped by Ville Husso with a rebound.
6:43 of 2nd period - Slapshot by Tyler Kleven.
6:43 of 2nd period - Stopped by Ville Husso with a rebound.
8:10 of 2nd period - Wrist shot by Matt Rempe.
8:10 of 2nd period - Stopped by Ville Husso without a rebound.
8:11 of 2nd period - Curtis Lazar wins face-off versus Marcel Marcel in Reno Silver Aces zone.
8:21 of 2nd period - Off-side.
8:22 of 2nd period - Nicolas Deslauriers wins face-off versus Jacob Quillan in neutral zone.
8:25 of 2nd period - Samuel Johannesson is hit by Casey Fitzgerald and loses puck.
8:36 of 2nd period - Snap shot by Nicolas Deslauriers.
8:36 of 2nd period - Shot Misses the Net.
8:38 of 2nd period - Snap shot by Kieffer Bellows.
8:38 of 2nd period - Stopped by Cooper Black with a rebound.
8:44 of 2nd period - Minor Penalty to Jacob Quillan for Tripping.
8:45 of 2nd period - Nils Aman wins face-off versus Curtis Lazar in Philadelphia Phantoms zone.
8:45 of 2nd period - Nils Aman is hit by Frederic Brunet.
9:10 of 2nd period - Tyler Kleven is hit by Frederic Brunet and loses puck.
9:35 of 2nd period - Anthony Duclair is hit by Jaroslav Chmelar and loses puck.
10:44 of 2nd period - Penalty to Jacob Quillan is over, Jacob Quillan is back on ice.
10:45 of 2nd period - Jacob Quillan is hit by Anthony Duclair and loses puck.
10:53 of 2nd period - Icing by Tyler Kleven.
10:54 of 2nd period - Tanner Laczynski wins face-off versus Nils Aman in Philadelphia Phantoms zone.
11:01 of 2nd period - Slapshot by Cole Koepke.
11:01 of 2nd period - Stopped by Cooper Black with a rebound.
11:03 of 2nd period - Wrist shot by Michael Buchinger.
11:03 of 2nd period - Stopped by Cooper Black without a rebound.
11:04 of 2nd period - Tanner Laczynski wins face-off versus Jacob Quillan in Philadelphia Phantoms zone.
11:12 of 2nd period - Wrist shot by Tanner Laczynski.
11:12 of 2nd period - Shot Blocked by Michael Callahan.
11:14 of 2nd period - Snap shot by Patrick Brown.
11:14 of 2nd period - Shot Misses the Net.
11:54 of 2nd period - Slapshot by Anthony Duclair.
11:54 of 2nd period - Stopped by Cooper Black without a rebound.
11:55 of 2nd period - Dylan Duke wins face-off versus Jacob Quillan in Philadelphia Phantoms zone.
13:03 of 2nd period - Albert Johansson is hit by Patrick Brown and loses puck.
13:26 of 2nd period - Frederic Brunet is hit by Ryan Johnson and loses puck.
13:31 of 2nd period - Snap shot by Michael Carcone.
13:31 of 2nd period - Goal by Michael Carcone - Reno Silver Aces : 2 - Philadelphia Phantoms : 3.
13:32 of 2nd period - Curtis Lazar wins face-off versus Jacob Quillan in neutral zone.
13:57 of 2nd period - Luca Del Bel Belluz is hit by Vincent Hinostroza and loses puck.
14:04 of 2nd period - Slapshot by Albert Johansson.
14:04 of 2nd period - Stopped by Ville Husso with a rebound.
14:06 of 2nd period - Slapshot by Tye Kartye.
14:06 of 2nd period - Stopped by Ville Husso with a rebound.
14:19 of 2nd period - Off-side.
14:20 of 2nd period - Kai Uchacz wins face-off versus Owen Beck in neutral zone.
14:59 of 2nd period - Slapshot by Matt Nieto.
14:59 of 2nd period - Stopped by Cooper Black with a rebound.
15:01 of 2nd period - Snap shot by Owen Beck.
15:01 of 2nd period - Shot Blocked by Tyler Kleven.
15:03 of 2nd period - Slapshot by Michael Buchinger.
15:03 of 2nd period - Deflect By Matt Savoie.
15:03 of 2nd period - Shot Blocked by Samuel Johannesson.
15:03 of 2nd period - Puck is out of play.
15:04 of 2nd period - Jacob Quillan wins face-off versus Curtis Lazar in Philadelphia Phantoms zone.
15:49 of 2nd period - Off-side.
15:50 of 2nd period - Marcel Marcel wins face-off versus Dylan Duke in neutral zone.
16:05 of 2nd period - Slapshot by Matt Rempe.
16:05 of 2nd period - Shot Misses the Net.
18:31 of 2nd period - Snap shot by Nicolas Deslauriers.
18:31 of 2nd period - Stopped by Cooper Black with a rebound.
18:46 of 2nd period - Ryan Johnson is hit by Matt Nieto and loses puck.
18:53 of 2nd period - Frederic Brunet is hit by Jaroslav Chmelar and loses puck.
19:08 of 2nd period - Snap shot by Cole Koepke.
19:08 of 2nd period - Deflect By Curtis Lazar.
19:08 of 2nd period - Shot Misses the Net.
19:08 of 2nd period - Puck is out of play.
19:09 of 2nd period - Curtis Lazar wins face-off versus Jacob Quillan in Philadelphia Phantoms zone.
Goals for this period are 1 for Reno Silver Aces vs 1 for Philadelphia Phantoms.
Shots for this period are 9 for Reno Silver Aces vs 7 for Philadelphia Phantoms.

3rd period


0:01 of 3rd period - Tanner Laczynski wins face-off versus Jacob Quillan in neutral zone.
0:27 of 3rd period - Samuel Bolduc is hit by Michael Callahan and loses puck.
0:52 of 3rd period - Jaroslav Chmelar is hit by Frederic Brunet and loses puck.
0:54 of 3rd period - Minor Penalty to Jaroslav Chmelar for Interference.
0:55 of 3rd period - Owen Beck wins face-off versus Ryan Winterton in Philadelphia Phantoms zone.
2:54 of 3rd period - Penalty to Jaroslav Chmelar is over, Jaroslav Chmelar is back on ice.
3:00 of 3rd period - Wrist shot by Adam Klapka.
3:00 of 3rd period - Deflect By Tye Kartye.
3:00 of 3rd period - Stopped by Ville Husso without a rebound.
3:01 of 3rd period - Patrick Brown wins face-off versus Kai Uchacz in Reno Silver Aces zone.
3:10 of 3rd period - Snap shot by Tanner Laczynski.
3:10 of 3rd period - Goal by Tanner Laczynski - Reno Silver Aces : 3 - Philadelphia Phantoms : 3.
3:11 of 3rd period - Jacob Quillan wins face-off versus Tanner Laczynski in neutral zone.
3:36 of 3rd period - Nils Aman is hit by Samuel Bolduc.
3:42 of 3rd period - Wrist shot by Luca Del Bel Belluz.
3:42 of 3rd period - Goal by Luca Del Bel Belluz - Reno Silver Aces : 3 - Philadelphia Phantoms : 4.
3:43 of 3rd period - Tanner Laczynski wins face-off versus Jacob Quillan in neutral zone.
3:46 of 3rd period - Samuel Johannesson is hit by Tanner Laczynski and loses puck.
4:11 of 3rd period - Icing by Ryan Winterton.
4:12 of 3rd period - Owen Beck wins face-off versus Jacob Quillan in Philadelphia Phantoms zone.
4:13 of 3rd period - Wrist shot by Matt Savoie.
4:13 of 3rd period - Shot Misses the Net.
4:35 of 3rd period - Wrist shot by Jacob Quillan.
4:35 of 3rd period - Shot Misses the Net.
4:37 of 3rd period - Snap shot by Jacob Quillan.
4:37 of 3rd period - Deflect By Matt Nieto.
4:37 of 3rd period - Goal by Jacob Quillan - Reno Silver Aces : 3 - Philadelphia Phantoms : 5.
4:38 of 3rd period - Luca Del Bel Belluz wins face-off versus Tanner Laczynski in neutral zone.
5:22 of 3rd period - Minor Penalty to Michael Buchinger for Tripping.
5:23 of 3rd period - Tanner Laczynski wins face-off versus Luca Del Bel Belluz in Reno Silver Aces zone.
5:23 of 3rd period - Tanner Laczynski is hit by Tyler Kleven.
5:33 of 3rd period - Slapshot by Samuel Johannesson.
5:33 of 3rd period - Deflect By Nils Aman.
5:33 of 3rd period - Stopped by Ville Husso without a rebound.
5:34 of 3rd period - Jacob Quillan wins face-off versus Tanner Laczynski in Reno Silver Aces zone.
6:08 of 3rd period - Off-side.
6:09 of 3rd period - Jacob Quillan wins face-off versus Patrick Brown in neutral zone.
6:20 of 3rd period - Slapshot by Michael Carcone.
6:20 of 3rd period - Stopped by Ville Husso without a rebound.
6:21 of 3rd period - Luca Del Bel Belluz wins face-off versus Tanner Laczynski in Reno Silver Aces zone.
6:22 of 3rd period - Snap shot by Marc Gatcomb.
6:22 of 3rd period - Stopped by Ville Husso without a rebound.
6:23 of 3rd period - Tanner Laczynski wins face-off versus Luca Del Bel Belluz in Reno Silver Aces zone.
6:54 of 3rd period - Snap shot by Luca Del Bel Belluz.
6:54 of 3rd period - Stopped by Ville Husso with a rebound.
6:56 of 3rd period - Snap shot by Marc Gatcomb.
6:56 of 3rd period - Stopped by Ville Husso with a rebound.
7:22 of 3rd period - Penalty to Michael Buchinger is over, Michael Buchinger is back on ice.
7:24 of 3rd period - Snap shot by Luca Del Bel Belluz.
7:24 of 3rd period - Stopped by Ville Husso without a rebound.
7:25 of 3rd period - Jacob Quillan wins face-off versus Owen Beck in Reno Silver Aces zone.
8:00 of 3rd period - Matt Nieto is hit by Ryan Johnson.
8:20 of 3rd period - Snap shot by Dylan Duke.
8:20 of 3rd period - Shot Misses the Net.
8:32 of 3rd period - Michael Buchinger is hit by Marcel Marcel and loses puck.
8:55 of 3rd period - Wrist shot by Cole Koepke.
8:55 of 3rd period - Stopped by Cooper Black with a rebound.
9:58 of 3rd period - Nicolas Deslauriers beats up Marcel Marcel.
9:58 of 3rd period - Penalty to Marcel Marcel for Fighting.
9:58 of 3rd period - Penalty to Nicolas Deslauriers for Fighting.
9:58 of 3rd period - Penalty to Marcel Marcel for instigated a fight.
9:58 of 3rd period - Penalty to Marcel Marcel for instigated a fight.
9:59 of 3rd period - Owen Beck wins face-off versus Luca Del Bel Belluz in neutral zone.
10:02 of 3rd period - Snap shot by Kieffer Bellows.
10:02 of 3rd period - Goal by Kieffer Bellows - Reno Silver Aces : 4 - Philadelphia Phantoms : 5.
10:03 of 3rd period - Tanner Laczynski wins face-off versus Luca Del Bel Belluz in neutral zone.
10:28 of 3rd period - Casey Fitzgerald is hit by Jacob Quillan and loses puck.
11:03 of 3rd period - Snap shot by Owen Beck.
11:03 of 3rd period - Stopped by Cooper Black without a rebound.
11:04 of 3rd period - Luca Del Bel Belluz wins face-off versus Tanner Laczynski in Philadelphia Phantoms zone.
11:11 of 3rd period - Slapshot by Albert Johansson.
11:11 of 3rd period - Shot Misses the Net.
11:13 of 3rd period - Wrist shot by Luca Del Bel Belluz.
11:13 of 3rd period - Stopped by Ville Husso with a rebound.
11:15 of 3rd period - Snap shot by Luca Del Bel Belluz.
11:15 of 3rd period - Stopped by Ville Husso with a rebound.
11:17 of 3rd period - Slapshot by Nils Aman.
11:17 of 3rd period - Stopped by Ville Husso with a rebound.
11:29 of 3rd period - Marc Gatcomb is hit by Curtis Lazar and loses puck.
12:10 of 3rd period - Slapshot by Albert Johansson.
12:10 of 3rd period - Shot Misses the Net.
12:14 of 3rd period - Wrist shot by Kai Uchacz.
12:14 of 3rd period - Stopped by Ville Husso with a rebound.
12:16 of 3rd period - Slapshot by Ryan Johnson.
12:16 of 3rd period - Shot Blocked by Patrick Brown.
12:18 of 3rd period - Snap shot by Kai Uchacz.
12:18 of 3rd period - Shot Misses the Net.
12:20 of 3rd period - Wrist shot by Jaroslav Chmelar.
12:20 of 3rd period - Deflect By Kai Uchacz.
12:20 of 3rd period - Shot Blocked by Jordan Oesterle.
12:20 of 3rd period - Puck is out of play.
12:21 of 3rd period - Luca Del Bel Belluz wins face-off versus Curtis Lazar in Reno Silver Aces zone.
12:48 of 3rd period - Icing by Michael Carcone.
12:49 of 3rd period - Jacob Quillan wins face-off versus Owen Beck in Philadelphia Phantoms zone.
12:54 of 3rd period - Slapshot by Matt Savoie.
12:54 of 3rd period - Shot Misses the Net.
12:56 of 3rd period - Slapshot by Owen Beck.
12:56 of 3rd period - Shot Misses the Net.
13:19 of 3rd period - Wrist shot by Michael Carcone.
13:19 of 3rd period - Deflect By Patrick Brown.
13:19 of 3rd period - Shot Misses the Net.
13:19 of 3rd period - Puck is out of play.
13:20 of 3rd period - Luca Del Bel Belluz wins face-off versus Vincent Hinostroza in Reno Silver Aces zone.
13:21 of 3rd period - Snap shot by Tye Kartye.
13:21 of 3rd period - Stopped by Ville Husso with a rebound.
13:51 of 3rd period - Snap shot by Marc Gatcomb.
13:51 of 3rd period - Shot Misses the Net.
13:53 of 3rd period - Slapshot by Dylan Coghlan.
13:53 of 3rd period - Stopped by Ville Husso without a rebound.
13:54 of 3rd period - Kai Uchacz wins face-off versus Curtis Lazar in Reno Silver Aces zone.
13:59 of 3rd period - Snap shot by Marc Gatcomb.
13:59 of 3rd period - Shot Blocked by Michael Buchinger.
14:01 of 3rd period - Slapshot by Tyler Kleven.
14:01 of 3rd period - Stopped by Ville Husso with a rebound.
14:03 of 3rd period - Slapshot by Samuel Johannesson.
14:03 of 3rd period - Shot Blocked by Michael Buchinger.
14:13 of 3rd period - Wrist shot by Jaroslav Chmelar.
14:13 of 3rd period - Shot Misses the Net.
14:15 of 3rd period - Slapshot by Tyler Kleven.
14:15 of 3rd period - Stopped by Ville Husso with a rebound.
14:17 of 3rd period - Snap shot by Tyler Kleven.
14:17 of 3rd period - Shot Blocked by Samuel Bolduc.
14:33 of 3rd period - Wrist shot by Kai Uchacz.
14:33 of 3rd period - Shot Blocked by Anthony Duclair.
14:35 of 3rd period - Slapshot by Albert Johansson.
14:35 of 3rd period - Shot Blocked by Anthony Duclair.
14:37 of 3rd period - Snap shot by Ryan Johnson.
14:37 of 3rd period - Goal by Ryan Johnson - Reno Silver Aces : 4 - Philadelphia Phantoms : 6.
14:38 of 3rd period - Luca Del Bel Belluz wins face-off versus Tanner Laczynski in neutral zone.
14:41 of 3rd period - Wrist shot by Nils Aman.
14:41 of 3rd period - Stopped by Ville Husso with a rebound.
15:05 of 3rd period - Matt Nieto is hit by Matt Rempe and loses puck.
15:26 of 3rd period - Slapshot by Dylan Coghlan.
15:26 of 3rd period - Deflect By Dylan Duke.
15:26 of 3rd period - Stopped by Ville Husso with a rebound.
16:32 of 3rd period - Wrist shot by Matt Rempe.
16:32 of 3rd period - Stopped by Ville Husso without a rebound.
16:33 of 3rd period - Luca Del Bel Belluz wins face-off versus Owen Beck in Reno Silver Aces zone.
17:25 of 3rd period - Minor Penalty to Casey Fitzgerald for Hooking.
17:26 of 3rd period - Jacob Quillan wins face-off versus Patrick Brown in Reno Silver Aces zone.
17:42 of 3rd period - Snap shot by Jacob Quillan.
17:42 of 3rd period - Stopped by Ville Husso with a rebound.
18:31 of 3rd period - Jordan Oesterle is hit by Nils Aman and loses puck.
19:25 of 3rd period - Penalty to Casey Fitzgerald is over, Casey Fitzgerald is back on ice.
19:51 of 3rd period - Snap shot by Matt Savoie.
19:51 of 3rd period - Shot Blocked by Samuel Johannesson.
19:53 of 3rd period - Slapshot by Nicolas Deslauriers.
19:53 of 3rd period - Shot Misses the Net.
19:55 of 3rd period - Snap shot by Matt Savoie.
19:55 of 3rd period - Stopped by Cooper Black with a rebound.
19:57 of 3rd period - Snap shot by Curtis Lazar.
19:57 of 3rd period - Stopped by Cooper Black without a rebound.
19:58 of 3rd period - Luca Del Bel Belluz wins face-off versus Curtis Lazar in Philadelphia Phantoms zone.
Goals for this period are 2 for Reno Silver Aces vs 3 for Philadelphia Phantoms.
Shots for this period are 6 for Reno Silver Aces vs 22 for Philadelphia Phantoms.